 Dungeon Sprint DCSS version 0.31-a0-7-g51783674b7 (webtiles) character file.

Game seed: 3672607032467810636

501 sircluck the Cleaver (level 7, -3/69 HPs)
             Began as a Hill Orc Fighter on May 5, 2023.
             Killed from afar by a deep elf pyromancer (37 damage)
             ... with a bolt of fire
             ... in the Dungeon (Sprint III: "The Ten Rune Challenge").
             The game lasted 00:02:18 (848 turns).

sircluck the Cleaver (Hill Orc Fighter)              Turns: 848, Time: 00:02:20

Health: -3/69      AC: 10    Str: 21    XL:     7   Next: 17%
Magic:  7/7        EV: 10    Int:  6    God:
Gold:   32         SH:  5    Dex: 10    Spells: 6/6 levels left

rFire   . . .        a - +0 war axe
rCold   . . .        c - +0 buckler
rNeg    . . .        b - +0 scale mail
rPois   .            (no helmet)
rElec   .            k - +0 cloak
rCorr   .            (no gloves)
SInv    .            (no boots)
Will    +....        (no amulet) Stlth
                     (no ring)
HPRegen 0.31/turn    (no ring)
MPRegen 0.10/turn

%: no teleportation
@: no status effects
A: dopey 1, strong-willed 1
a: no special abilities


You were in the Dungeon.
You visited 1 branch You collected 32 gold pieces.

Inventory:

Hand Weapons
 a - a +0 war axe (weapon)
Armour
 b - a +0 scale mail (worn)
 c - a +0 buckler (worn)
 k - a +0 cloak (worn)
Wands
 d - a wand of iceblast (7)
Scrolls
 m - 2 scrolls of immolation {unknown}
 n - a scroll of enchant armour {unknown}
 p - a scroll of identify {unknown}
Potions
 e - a potion of curing
 f - a potion of heal wounds
 g - 2 potions of haste
 h - 2 potions of magic
 o - 2 potions of flight


   Skills:
 + Level 8.6 Fighting
 + Level 11.3 Axes
 + Level 9.8 Armour
 + Level 2.0 Dodging
 + Level 1.0 Stealth
 + Level 6.3 Shields
 + Level 1.1 Evocations


You had 6 spell levels left.
You didn't know any spells.
Your spell library contained the following spells:

 Spells                   Type           Power      Damage    Failure   Level
 Ozocubu's Armour         Ice            0%         N/A       99%         3
 Summon Guardian Golem    Hex/Summ       0%         N/A       99%         3
 Orb of Destruction       Conj           0%         9d5       100%        7
 Ozocubu's Refrigeration  Ice            0%         4d7       100%        7
 Spellforged Servitor     Conj/Summ      0%         N/A       100%        7


Dungeon Overview and Level Annotations

Branches:
Dungeon (1/1)

Altars:
Dithmenos
Elyvilon
Kikubaaqudgha
Okawaru
Ru
Sif Muna
Trog
Uskayaw
Vehumet
Wu Jian
Yredelemnul
Zin
The Shining One
Beogh


Innate Abilities, Weirdness & Mutations

You are dopey. (Int -2)
You are strong-willed. (Will+)


Message History

You feel yourself slow down.
You start resting.
You feel yourself speed up.
You start resting.
You recover from your berserk rage.
You start resting.
HP restored.
You enter the shallow water.
Moving in this stuff is going to be slow.
There is an open door to the Ecumenical Temple here.
You open the door.
A deep elf pyromancer comes into view.
It is wielding a +2 long sword of holy wrath.
Found a potion of heal wounds.
The deep elf pyromancer shouts!
The deep elf pyromancer gestures wildly while chanting.
There is an open door here.
The deep elf pyromancer gestures wildly while chanting.
The deep elf pyromancer blinks!
The fire elemental hits you. The fire elemental burns you!
As you close the door, it creaks loudly!
The fire elemental hits you. The fire elemental burns you!
A deep elf pyromancer opens the door.
You see here a potion of heal wounds.
f - 2 potions of heal wounds (gained 1)
The fire elemental hits you. The fire elemental burns you!
The fire elemental hits you. The fire elemental burns you!
Aiming: Iceblast
Press: ? - help, Q - select action Shift-Dir - straight line The mass of ice explodes!
The iceblast engulfs the fire elemental but does no damage.
The fire elemental hits you. The fire elemental burns you!
The deep elf pyromancer casts a spell.
Unknown command.
You feel much better. The fire elemental barely misses you.
The fire elemental hits you. The fire elemental burns you!
The deep elf pyromancer points at you and mumbles some strange words.
The bolt of fire hits the fire elemental.
The fire elemental completely resists.
The bolt of fire hits you!!!
Ouch! That really hurt!
You die...

▓▓▓▓▓▓▓▓ ▓▓▓ #..'...♣♣♣♣
♣.############ #..#......♣
♣♣.#_E_#___#__# ####...)♣♣♣
♣..#@EE#__.#._#
...#....~.♣♣♣..###e#'###)##
...#.).~~..♣♣..#..........#
..[#..~~~~.....'.⌠........#
##'#..~≈≈~~~♣..#...######+#
.††#.~~≈~~~....#.⌠.#
...#.~≈~~~.....#)..#
...#.~~~.......#'###
####...........#)..#


You could see a deep elf pyromancer and 3 fire elementals.

Vanquished Creatures
  A necrophage (D)
  A water elemental (D)
  Crazy Yiuf (D)
  A wizard (D)
  A necromancer (D)
  A kobold demonologist (D)
  3 humans (D)
  2 endoplasms (D)
  2 rats (D)
13 creatures vanquished.

Notes
Turn   | Place    | Note
-------+----------+-------------------------------------------
     0 | D        | sircluck the Hill Orc Fighter began the quest for the Orb.
     0 | D        | Reached XP level 1. HP: 19/19 MP: 1/1
    60 | D        | Reached skill level 3 in Axes
    92 | D        | Reached skill level 5 in Fighting
    92 | D        | Reached skill level 4 in Axes
    92 | D        | Reached XP level 2. HP: 6/29 MP: 2/2
   186 | D        | Noticed Crazy Yiuf
   194 | D        | Killed Crazy Yiuf
   195 | D        | Reached skill level 5 in Axes
   195 | D        | Reached skill level 5 in Armour
   195 | D        | Reached XP level 3. HP: 7/36 MP: 3/3
   218 | D        | Gained mutation: You are resistant to electric shocks.
                  | (rElec) [potion of mutation]
   321 | D        | Lost mutation: You are resistant to electric shocks.
                  | (rElec) [potion of mutation]
   321 | D        | Gained mutation: You are dopey. (Int -2) [potion of
                  | mutation]
   321 | D        | Gained mutation: You are strong-willed. (Will+) [potion of
                  | mutation]
   334 | D        | Noticed a water elemental
   337 | D        | HP: 1/36 [water elemental (11)]
   338 | D        | Killed a water elemental
   339 | D        | Reached skill level 6 in Axes
   339 | D        | Reached skill level 5 in Shields
   339 | D        | Reached XP level 4. HP: 2/45 MP: 4/4
   508 | D        | Found a basalt altar of Yredelemnul.
   508 | D        | Found a shadowy altar of Dithmenos.
   508 | D        | Found a sacrificial altar of Ru.
   508 | D        | Noticed a necrophage
   511 | D        | Reached XP level 5. HP: 51/51 MP: 5/5
   519 | D        | Reached skill level 7 in Axes
   538 | D        | Found a radiant altar of Vehumet.
   538 | D        | Found a shimmering blue altar of Sif Muna.
   538 | D        | Found an ancient bone altar of Kikubaaqudgha.
   548 | D        | Noticed an ice devil
   549 | D        | Reached skill level 8 in Axes
   549 | D        | Reached skill level 1 in Dodging
   553 | D        | Reached XP level 6. HP: 14/60 MP: 6/6
   711 | D        | Found a glowing silver altar of Zin.
   711 | D        | Found a glowing golden altar of the Shining One.
   711 | D        | Found a white marble altar of Elyvilon.
   715 | D        | Found a hide-covered altar of Uskayaw.
   715 | D        | Found a roughly hewn altar of Beogh.
   715 | D        | Found an iron altar of Okawaru.
   715 | D        | Found a bloodstained altar of Trog.
   715 | D        | Found an ornate altar of the Wu Jian Council.
   715 | D        | Noticed a human
   716 | D        | Noticed a human
   728 | D        | Killed a human
   729 | D        | Reached skill level 10 in Axes
   744 | D        | Killed a human
   745 | D        | Reached skill level 11 in Axes
   745 | D        | Reached skill level 1 in Stealth
   745 | D        | Reached skill level 1 in Evocations
   745 | D        | Reached XP level 7. HP: 59/69 MP: 7/7
   842 | D        | Noticed a deep elf pyromancer
   843 | D        | Noticed a fire elemental
   848 | D        | Noticed a fire elemental
   848 | D        | Noticed a fire elemental
   848 | D        | Killed from afar by a deep elf pyromancer

Illustrated notes

Levels and vault maps discovered:
D:        dungeon_sprint_mu [sprint_mu_entry_forest, sprint_mu_temple_rooms,
          sprint_mu_d1_spiders, sprint_mu_d2_genie, sprint_mu_d3_branching,
          sprint_mu_orc_legion, sprint_mu_elf_gauntlet, sprint_mu_hive_nellie,
          sprint_mu_lair_fedhas, sprint_mu_vaults_butterflies,
          sprint_mu_slime_circle, sprint_mu_shoals_kraken,
          sprint_mu_snake_twists, sprint_mu_blade_basic, sprint_mu_crypt_lich,
          sprint_mu_tomb_spiral, sprint_mu_vestibule_basic,
          sprint_mu_gehenna_hellfire, sprint_mu_dis_giant,
          sprint_mu_tartarus_statrot, sprint_mu_cocytus_islands, sprint_mu_zot1]

Skill      XL: |  1  2  3  4  5  6 |
---------------+-------------------+-----
Fighting       | 5 6 7 8 |  8.6
Axes           | 4 5 6 8 11 | 11.3
Armour         | 4 5 6 8 9 |  9.8
Shields        | 4 5 6 |  6.3
Dodging        | 1 2 |  2.0
Stealth        | 1 |  1.0
Evocations     | 1 |  1.1

Action                     |  1- 3 |  4- 6 |  7- 9 || total
---------------------------+-------+-------+-------++-------
  Melee: War axe           |    27 |    34 |       ||    61
  Evoke: Wand              |       |     3 |     1 ||     4
    Use: Potion            |     3 |     3 |     1 ||     7
         Scroll            |       |     1 |       ||     1
 Armour: Scale mail        |     6 |    15 |     6 ||    27
  Dodge: Dodged            |    11 |    18 |     1 ||    30
  Block: Buckler           |     3 |     3 |       ||     6

Table legend: (Time is in decaauts)
 A = Elapsed time spent in this place.
 B = Non-inter-level travel time spent in this place.
 C = Inter-level travel time spent in this place.
 D = Time resting spent in this place.
 E = Time spent auto-exploring this place.
 F = Levels seen in this place.
 G = Mean time per level.
                   A        B        C        D        E       F      G
               +--------+--------+--------+--------+--------+-----+--------+
         Total |    871 |    871 |      0 |    433 |    235 |   1 |  871.0 |
       Dungeon |    871 |    871 |      0 |    433 |    235 |   1 |  871.0 |
               +--------+--------+--------+--------+--------+-----+--------+

Top non-repeatable levels by time:
       D: 871 daAuts
